 Dungeon Crawl Stone Soup version 0.31.0-9-g3a7656b989 (webtiles) character file.

Game seed: 7124802762183684148

2351 Killerpretzel the Covert (level 9, -8/39 HPs)
             Began as a Felid Conjurer on Jan 30, 2024.
             Was an Initiate of Gozag.
             Mangled by Maggie
             ... wielding a +1 glaive of venom
              (17 damage)
             ... on level 7 of the Dungeon.
             The game lasted 00:27:34 (7824 turns).

Killerpretzel the Covert (Felid Conjurer)           Turns: 7824, Time: 00:27:34

Health: -8/39      AC:  2    Str:  3    XL:     9   Next: 20%
Magic:  9/18       EV: 20    Int: 27    God:    Gozag
Gold:   496        SH:  0    Dex: 14    Spells: 15/18 levels left
                                        Lives:  0   Deaths: 3

rFire   . . .        (weapon unavailable)
rCold   . . .        (shield unavailable)
rNeg    . . .        (body armour unavailable)
rPois   .            (helmet unavailable)
rElec   .            (cloak unavailable)
rCorr   .            (gloves unavailable)
SInv    +            (boots unavailable)
Will    +....        (no amulet)
Stlth   ++++         (no ring)
HPRegen 0.26/turn    (no ring)
MPRegen 0.16/turn

%: no passive effects
@: lethally poisoned (-8 -> -15)
A: very small, claws 1, fangs 3, see invisible, shaggy fur 2, stealthy paws, no
weapons or thrown items, no armour, multi-lived
a: Renounce Religion, Potion Petition, Call Merchant, Bribe Branch


You were on level 7 of the Dungeon.
You worshipped Gozag.
Gozag was aware of your devotion.
You visited 2 branches of the dungeon, and saw 8 of its levels.

You collected 587 gold pieces.
You paid 91 gold pieces to Gozag.

Inventory:

Wands
 o - a wand of polymorph (13)
 q - a wand of paralysis (7)
 r - a wand of mindburst (11)
Scrolls
 b - a scroll of enchant weapon
 d - a scroll of blinking {unknown}
 e - 9 scrolls of identify {unknown}
 h - a scroll of immolation {unknown}
 j - a scroll of amnesia {unknown}
 l - a scroll of enchant armour {unknown}
 m - a scroll of vulnerability {unknown}
 s - a scroll of torment {unknown}
Potions
 a - a potion of cancellation {unknown}
 c - a potion of invisibility {unknown}
 f - a potion of curing {unknown}
 g - 2 potions of brilliance
 i - 2 potions of lignification {unknown}
 k - 2 potions of heal wounds {unknown}
 n - a potion of enlightenment {unknown}
 p - a potion of degeneration {unknown}
 t - a potion of haste {unknown}


   Skills:
 + Level 7.6 Dodging
 + Level 8.3 Stealth
 + Level 5.3 Spellcasting
 * Level 8.1 Conjurations


You had 15 spell levels left.
You knew the following spells:

 Your Spells              Type           Power      Damage    Failure   Level
a - Magic Dart            Conj           100%       1d8       1%          1
b - Searing Ray           Conj           100%       2d8       1%          2

Your spell library contained the following spells:

 Spells                   Type           Power      Damage    Failure   Level
 Ensorcelled Hibernation  Hex/Ice        14%        N/A       11%         2
 Fulminant Prism          Conj/Alch      14%        3d8       13%         4
 Iskenderun's Mystic Bla  Conj/Tloc      29%        2d7       13%         4
 Fugue of the Fallen      Necr           7%         N/A       21%         3
 Tukima's Dance           Hex            7%         N/A       21%         3
 Anguish                  Hex/Necr       3%         N/A       56%         4
 Dimensional Bullseye     Hex/Tloc       Unusable   N/A       N/A         4

Dungeon Overview and Level Annotations

Branches:
Dungeon (7/15)             Temple (1/1) D:4

Altars:
Ashenzari
Cheibriados
Dithmenos
Elyvilon
Fedhas
Gozag
Hepliaklqana
Makhleb
Nemelex Xobeh
Qazlal
Ru
Sif Muna
Trog
Uskayaw
Vehumet
Wu Jian
Yredelemnul
The Shining One

Annotations:
D:2 1 runed translucent door, exclusion: door, Crazy Yiuf
D:5 3 runed translucent doors, exclusion: 3 doors, beef's ghost, novice DECj
D:6 exclusion: 2 downstairs
D:7 Maggie


Innate Abilities, Weirdness & Mutations

You have sharp claws.
You have razor-sharp teeth.
You have supernaturally acute eyesight. (SInv)
You are covered in thick fur. (AC +2)
Your paws help you pounce on unaware monsters.
You are incapable of wielding weapons or throwing items.
You cannot wear armour.
You gain extra lives every three experience levels.


Message History

Aiming: Magic Dart (safe; 1% risk of failure)
Press: ? - help, Shift-Dir - straight line, f/p - Maggie
Aim: Maggie, wielding a +1 glaive of venom and wearing +0 acid dragon scales (lightly wounded, 100% to hit)
The magic dart hits Maggie!
Maggie is lightly wounded.
Maggie is nearby!
Casting: Magic Dart (safe; 1% risk of failure)
Confirm with . or Enter, or press ? or * to list all spells.
Aiming: Searing Ray (safe; 1% risk of failure)
Press: ? - help, Shift-Dir - straight line, f/p - Maggie
Aim: Maggie, wielding a +1 glaive of venom and wearing +0 acid dragon scales (lightly wounded, 83% to hit)
The searing ray hits Maggie!
Maggie is moderately wounded. (Press . to maintain the ray.)
The searing ray hits Maggie!
Maggie is heavily wounded.
Maggie points at you and mumbles some strange words.
The bolt of fire misses you.
The searing ray misses Maggie.
Maggie casts a spell at you. The bolt of fire hits you!!
The searing ray hits Maggie.
Maggie is heavily wounded.
You finish channelling your searing ray.
Casting: Searing Ray (safe; 1% risk of failure)
Confirm with . or Enter, or press ? or * to list all spells.
Aiming: Searing Ray (safe; 1% risk of failure)
Press: ? - help, Shift-Dir - straight line, f/p - Maggie
Aim: Maggie, wielding a +1 glaive of venom and wearing +0 acid dragon scales (heavily wounded, 83% to hit)
The searing ray misses Maggie. (Press . to maintain the ray.) Maggie hits you from afar with a +1 glaive of venom!
You are poisoned.
The searing ray hits Maggie.
Maggie is heavily wounded.
* * * LOW HITPOINT WARNING * * *
You feel very sick.
Maggie hits you from afar with a +1 glaive of venom!
You die...
Your body crumbles into a pile of gold.

######## #......# ..
#......###.... #.............
>..## #..[...#..@... ....#
########...<..##.....
....#####...................#
....#.. .......!@.@.....)...#
...... #........?......#.###
....# #.................# .$..###
#...!....##...#..## .<$..:#
#...........####.#
..$#..........#..........######..
..$# ........#..#####...........
##.. .........# #..##..###>. ##.
........## #.####.#


You could see Maggie.

Vanquished Creatures
  2 water moccasins
  3 sky beasts
  2 ice beasts
  An orc warrior (D:6)
  A black bear (D:5)
  2 ogres
  2 centaurs
  A phantom (D:5)
  2 scorpions
  4 wights (D:6)
  2 howler monkeys (D:6)
  4 bombardier beetles
  2 jellies
  4 hounds
  Jessica (D:2)
  3 orc wizards
  2 iguanas
  8 adders
  4 gnolls (D:3)
  A shadow imp (D:6)
  A white imp (D:5)
  2 ufetubi (D:6)
  A dart slug (D:1)
  2 ribbon worms (D:2)
  13 orcs
  4 bats
  5 endoplasms
  4 giant cockroaches
  5 goblins
  9 hobgoblins
  2 jackals (D:4)
  3 quokkas
  11 ball pythons
  7 frilled lizards
  9 kobolds
  A rat (D:3)
130 creatures vanquished.

Notes
Turn   | Place    | Note
-------+----------+-------------------------------------------
     0 | D:1      | Killerpretzel the Felid Conjurer began the quest for the
                  | Orb.
     0 | D:1      | Reached XP level 1. HP: 9/9 MP: 4/4
   292 | D:1      | Reached XP level 2. HP: 13/13 MP: 4/6
   978 | D:2      | Found a runed translucent door.
   979 | D:2      | Noticed Crazy Yiuf
  1002 | D:2      | Noticed Jessica
  1008 | D:2      | Killed Jessica
  1009 | D:2      | Reached XP level 3. HP: 16/16 MP: 0/7
  1766 | D:2      | Found a faded altar of an unknown god.
  1778 | D:2      | Reached XP level 4. HP: 21/21 MP: 0/8
  1778 | D:2      | Gained a life (2 lives remaining)
  1882 | D:2      | Learned a level 2 spell: Searing Ray
  2487 | D:3      | Noticed a scorpion
  2807 | D:3      | Killed a scorpion
  2808 | D:3      | Reached XP level 5. HP: 7/24 MP: 7/10
  3104 | D:3      | You fall into a shaft and drop 3 floors!
  3155 | D:5      | Entered Level 5 of the Dungeon
  3310 | D:4      | Reached skill level 5 in Conjurations
  3490 | D:3      | Gained mutation: You are covered in thick fur. (AC +2)
                  | [Felid growth]
  3490 | D:3      | Reached XP level 6. HP: 16/28 MP: 6/11
  3709 | D:3      | Found a bloodstained altar of Trog.
  3710 | D:3      | Found a sparkling altar of Nemelex Xobeh.
  4389 | D:4      | Found a burning altar of Makhleb.
  4427 | D:4      | Reached skill level 5 in Stealth
  4626 | D:4      | Found a staircase to the Ecumenical Temple.
  4631 | Temple   | Entered the Ecumenical Temple
  4640 | Temple   | Became a worshipper of Gozag Ym Sagoz the Greedy
  5031 | D:4      | Reached skill level 5 in Dodging
  5138 | D:5      | Reached XP level 7. HP: 32/32 MP: 4/13
  5214 | D:5      | Found a stormy altar of Qazlal.
  5407 | D:5      | Shot with an arrow by a centaur
  5407 | D:5      | Lost a life (1 life remaining)
  5624 | D:5      | Found a runed translucent gate.
  5625 | D:5      | Found a runed translucent gate.
  5627 | D:5      | Found a runed translucent gate.
  5627 | D:5      | Found an opulent altar of Gozag.
  5630 | D:5      | Noticed a two-headed ogre
  5630 | D:5      | Noticed beef's ghost (novice DECj)
  5760 | D:5      | Reached XP level 8. HP: 14/36 MP: 8/15
  5760 | D:5      | Gained a life (2 lives remaining)
  6478 | D:6      | Slain by a wight
  6478 | D:6      | Lost a life (1 life remaining)
  7001 | D:6      | Shot with an arrow by a centaur
  7001 | D:6      | Lost a life (0 lives remaining)
  7228 | D:7      | Noticed Maggie
  7245 | D:6      | Reached skill level 5 in Spellcasting
  7446 | D:7      | Reached XP level 9. HP: 26/39 MP: 12/17
  7824 | D:7      | Mangled by Maggie

Illustrated notes

Levels and vault maps discovered:
D:1:      sevenhm_arrival_forest_fort_small_3, layout_basic, minmay_lizard_pond
D:2:      layout_basic, nicolae_ecumenical_snake_handling, uniq_jessica,
          uniq_crazy_yiuf_cottage
D:3:      layout_rooms, mainiacjoe_overflow_divided_tiny
D:4:      layout_loops_ring, lemuel_tele_altar, temple_doors_ab
D:5:      layout_loops_ring, nicolae_qazlal_beasts_of_the_sky,
          ebering_ghost_gozag
D:6:      layout_basic
D:7:      layout_rooms, minivault_1, uniq_maggie, uniq_maurice
Temple:   eino_temple_lava

Skill      XL: |  1  2  3  4  5  6  7  8  9 |
---------------+----------------------------+-----
Stealth        | 3 4 5 6 7 8 |  8.3
Dodging        | 3 4 5 6 7 |  7.6
Conjurations   | 4 5 6 7 8 |  8.1
Spellcasting   | 3 4 5 |  5.3

Action                     |  1- 3 |  4- 6 |  7- 9 || total
---------------------------+-------+-------+-------++-------
  Melee: Unarmed           |     3 |     1 |     4 ||     8
   Cast: Magic Dart        |    70 |   111 |    83 ||   264
         Searing Ray       |       |    15 |    30 ||    45
    Use: Potion            |       |     2 |       ||     2
         Scroll            |       |       |     1 ||     1
 Armour: Skin              |     1 |    18 |    36 ||    55
  Dodge: Dodged            |     2 |    49 |    73 ||   124
